 Dungeon Crawl Stone Soup version 0.31-a0-626-g8143ab4f1d (webtiles) character file.

Game seed: 2895523576191271506

29397 Dittersdorf the Fighter (level 13, -5/87 HPs)
             Began as a Gargoyle Fighter on Aug 24, 2023.
             Was an Initiate of Gozag.
             Slain by a death yak (8 damage)
             ... on level 3 of the Lair of Beasts.
             The game lasted 00:21:11 (13365 turns).

Dittersdorf the Fighter (Gargoyle Fighter)         Turns: 13365, Time: 00:21:12

Health: -5/87      AC: 24    Str: 26    XL:     13   Next: 45%
Magic:  22/22      EV: 10    Int:  8    God:    Gozag
Gold:   2844       SH: 13    Dex: 12    Spells: 12/12 levels left

rFire   . . .        a - +1 flail (venom)
rCold   + + .        n - +1 kite shield
rNeg    + + .        H - +3 ring mail
rPois   ∞            t - +0 helmet
rElec   +            y - +0 cloak
rCorr   +            g - -2 pair of gloves of the Nice God {rN+ Dex+3}
SInv    +            F - +0 pair of boots
Will    .....        i - amulet of the Changing Visionary {Contam rPois rC++ Regen+ rCorr}
Stlth   +            C - ring of magical power
HPRegen 1.14/turn    E - ring "Aghakh" {rElec SInv}
MPRegen 0.18/turn

%: no passive effects
@: no status effects
A: sickness immunity, AC +9, negative energy resistance 1, electricity
resistance, torment resistance 1, petrification resistance
a: Renounce Religion, Potion Petition, Call Merchant, Bribe Branch


You were on level 3 of the Lair of Beasts.
You worshipped Gozag.
Gozag was most pleased with you.
You visited 3 branches of the dungeon, and saw 16 of its levels.

You collected 2920 gold pieces.
You paid 76 gold pieces to Gozag.

Inventory:

Hand Weapons
 a - a +1 flail of venom (weapon)
Missiles
 l - 23 poisoned darts (quivered)
 u - a throwing net
Armour
 g - the -2 pair of gloves of the Nice God (worn) {rN+ Dex+3}
   (You found it on level 2 of the Lair of Beasts)

   Dex+3:     It affects your dexterity (+3).
   rN+:       It protects you from negative energy.
 n - a +1 kite shield (worn)
 t - a +0 helmet (worn)
 y - a +0 cloak (worn)
 F - a +0 pair of boots (worn)
 H - a +3 ring mail (worn)
Jewellery
 i - the amulet of the Changing Visionary (around neck) {Contam rPois rC++ Regen+ rCorr}
   (You acquired it on level 4 of the Dungeon)

   [amulet of regeneration]

   rC++:      It greatly protects you from cold.
   rPois:     It protects you from poison Contam: It causes magical
   contamination when unequipped.
   Regen+:    It increases your rate of health regeneration.
   rCorr:     It protects you from acid and corrosion.
 o - a ring of ice
 C - a ring of magical power (left hand)
 E - the ring "Aghakh" (right hand) {rElec SInv}
   (You found it on level 10 of the Dungeon)

   [ring of see invisible]

   rElec:     It insulates you from electricity.
   SInv:      It lets you see invisible.
Wands
 c - a wand of iceblast (7)
 p - a wand of quicksilver (22)
 B - a wand of digging (10)
 D - a wand of flame (44)
Scrolls
 b - 3 scrolls of enchant weapon
 e - 6 scrolls of teleportation
 j - 4 scrolls of brand weapon
 m - 4 scrolls of poison
 x - a scroll of enchant armour
 G - 4 scrolls of blinking
Potions
 d - 3 potions of might
 f - 4 potions of mutation
 h - 8 potions of curing
 q - 2 potions of haste {unknown}
 r - a potion of cancellation
 s - 3 potions of berserk rage
 v - 3 potions of heal wounds
 w - 3 potions of brilliance
 z - 2 potions of enlightenment
 A - a potion of invisibility


   Skills:
 + Level 12.8 Fighting
 + Level 11.6 Maces & Flails
 + Level 12.8 Armour
 + Level 12.8 Shields


You had 12 spell levels left.
You didn't know any spells.
Your spell library contained the following spells:

 Spells                   Type           Power      Damage    Failure   Level
 Apportation              Tloc           0%         N/A       65%         1
 Foxfire                  Conj/Fire      0%         2x1d4     65%         1
 Magic Dart               Conj           0%         1d3       65%         1
 Sandblast                Erth           0%         2d4       65%         1
 Summon Small Mammal      Summ           0%         N/A       65%         1
 Call Imp                 Summ           0%         N/A       80%         2
 Passwall                 Tmut/Erth      0%         N/A       80%         2
 Call Canine Familiar     Summ           0%         N/A       95%         3
 Mephitic Cloud           Conj/Pois/Air  0%         N/A       95%         3
 Stone Arrow              Conj/Erth      0%         3d7       95%         3
 Summon Guardian Golem    Hex/Summ       0%         N/A       95%         3
 Alistair's Intoxication  Tmut/Pois      0%         N/A       100%        5
 Plasma Beam              Fire/Air       0%         2x1d10    100%        6
 Starburst                Conj/Fire      0%         6d3       100%        6
 Malign Gateway           Summ/Tloc      0%         N/A       100%        7
 Summon Horrible Things   Summ           0%         N/A       100%        8


Dungeon Overview and Level Annotations

Branches:
Dungeon (11/15)            Temple (1/1) D:6            Lair (4/5) D:11
 Shoals (0/4) Lair:2        Snake (0/4) Lair:3          Orc (0/2) D:10
  Slime: Lair:4-5

Altars:
Ashenzari
Cheibriados
Dithmenos
Elyvilon
Fedhas
Gozag
Hepliaklqana
Kikubaaqudgha
Makhleb
Nemelex Xobeh
Okawaru
Qazlal
Ru
Sif Muna
Trog
Uskayaw
Vehumet
Wu Jian
Xom
Yredelemnul
Zin
The Shining One

Shops:
D:8 :

Annotations:
D:7 2 transporters, Fractals's ghost, novice TeHW


Innate Abilities, Weirdness & Mutations

You are immune to sickness and miasma.
Your stone body is resilient. (AC +9)
You are immune to poison.
You resist negative energy. (rN+)
You are resistant to electric shocks. (rElec)
You are resistant to unholy torment.
You are immune to petrification.


Message History

You climb downwards.
The bullfrog croaks.
You hear a roar!
The death yak closely misses you. The death yak gores you! x2
You block the death yak's attack.
There is a stone staircase leading up here.
The death yak closely misses you. The death yak gores you. x2
The death yak gores you but does no damage.
You climb upwards.
There is a stone staircase leading down, spattered with blood here.
You block the death yak's attack. The death yak closely misses you.
The death yak attacks as it pursues you!
You block the death yak's attack.
The death yak attacks as it pursues you!
You block the death yak's attack.
You sock the death yak!
The death yak is poisoned.
The death yak is lightly wounded.
You block the death yak's attack.
The death yak gores you but does no damage.
You block the death yak's attack. x2
The death yak barely misses you. You block the death yak's attack.
The death yak attacks as it pursues you!
You block the death yak's attack. The death yak barely misses you.
The death yak attacks as it pursues you!
The death yak gores you!
The death yak attacks as it pursues you!
The death yak closely misses you.
The death yak attacks as it pursues you!
You block the death yak's attack. The death yak gores you!!
The death yak gores you but does no damage.
The death yak attacks as it pursues you!
The death yak gores you!!
* * * LOW HITPOINT WARNING * * *
The death yak attacks as it pursues you!
The death yak gores you!!
* * * LOW HITPOINT WARNING * * *
The death yak attacks as it pursues you!
The death yak gores you!
You die...
Your body crumbles into a pile of gold.

#...................
#.##....#..#..#....P
#.#######.##.##...PP
#.# #P.#####....P
#.# ##.# #.....
#.######..# #.#...
#.P##.#...#####.#...
#...................
#..@Y.Y.......[.....
#...Y.Y.............
#.....<............P
#..................#
#...................
#..........>........
#...................
#...................
#...................


You could see 4 death yaks.

Vanquished Creatures
  Gastronok (D:8)
  A hydra (Lair:3)
  Erica (D:9)
  4 two-headed ogres
  2 death yaks (Lair:3)
  Pikel (D:9)
  A cyclops (D:11)
  13 elephants (Lair:2)
  A black mamba (Lair:2)
  6 cane toads
  Maggie (D:7)
  Jeremiah (Lair:1)
  2 rime drakes
  3 komodo dragons
  2 trolls
  Grinder (D:5)
  2 polar bears (Lair:2)
  3 hornets
  7 blink frogs
  Sigmund (D:5)
  2 shadows (D:10)
  3 wraiths
  4 wyverns
  19 yaks
  2 basilisks
  4 steam dragons
  An acid dragon (D:10)
  2 two-headed ogre zombies (D:10)
  8 water moccasins
  A sky beast (D:8)
  2 ice beasts
  3 orc warriors
  2 ogres
  2 black bears
  20 wolves
  3 centaurs
  3 phantoms
  4 lemures (D:8)
  10 bullfrogs
  A kobold brigand (D:8)
  Blork the orc (D:5)
  4 scorpions
  3 wights
  10 killer bees
  3 howler monkeys
  2 hounds
  2 jellies
  2 gnoll boudas
  An orc priest (D:5)
  Crazy Yiuf (D:6)
  Ijyb (D:3)
  4 iguanas
  6 orc wizards
  6 ogre zombies (D:10)
  16 gnolls
  8 adders
  A white imp (D:5)
  An ufetubus (D:4)
  2 worms (D:2)
  2 dart slugs (D:3)
  27 orcs
  4 endoplasms
  4 giant cockroaches
  4 goblins
  14 jackals
  5 quokkas
  10 ball pythons
  6 bats
  4 frilled lizards
  2 goblin skeletons (D:10)
  A goblin zombie (D:10)
  4 hobgoblin skeletons (D:10)
  3 hobgoblin zombies (D:10)
  8 kobolds
  2 orc skeletons (D:10)
  13 orc zombies (D:10)
  4 rats
341 creatures vanquished.

Notes
Turn   | Place    | Note
-------+----------+-------------------------------------------
     0 | D:1      | Dittersdorf the Gargoyle Fighter began the quest for the
                  | Orb.
     0 | D:1      | Reached XP level 1. HP: 14/14 MP: 1/1
    83 | D:1      | Reached XP level 2. HP: 19/19 MP: 2/2
   105 | D:1      | You fall into a shaft and drop 1 floor!
   566 | D:1      | Reached XP level 3. HP: 15/23 MP: 3/3
  1368 | D:2      | Reached XP level 4. HP: 29/29 MP: 4/4
  1918 | D:3      | Noticed Ijyb
  1930 | D:3      | Killed Ijyb
  2181 | D:3      | Reached XP level 5. HP: 30/33 MP: 5/5
  2428 | D:3      | Found a faded altar of an unknown god.
  2786 | D:4      | Reached XP level 6. HP: 39/39 MP: 6/6
  2808 | D:4      | HP: 1/39 [gnoll/+0 halberd[a gnoll bouda] (8)]
  2994 | D:4      | Reached skill level 5 in Fighting
  3148 | D:4      | Identified a scroll of acquirement
  3148 | D:4      | Acquired the amulet of the Changing Visionary {Contam rPois
                  | rC++ Regen+ rCorr}
  3206 | D:4      | Reached skill level 5 in Armour
  3206 | D:4      | Reached skill level 5 in Shields
  3206 | D:4      | Reached XP level 7. HP: 44/44 MP: 7/7
  4304 | D:5      | Entered Level 5 of the Dungeon
  4503 | D:5      | Noticed Blork the orc
  4508 | D:5      | Noticed Grinder
  4510 | D:5      | Killed Blork the orc
  4520 | D:5      | Killed Grinder
  4521 | D:5      | Reached skill level 5 in Maces & Flails
  4521 | D:5      | Reached XP level 8. HP: 51/51 MP: 8/8
  4808 | D:5      | Noticed Sigmund
  4817 | D:5      | Killed Sigmund
  5265 | D:6      | Reached XP level 9. HP: 57/57 MP: 9/9
  5309 | D:6      | Found a runed translucent door.
  5310 | D:6      | Noticed Crazy Yiuf
  5424 | D:6      | Found a hazy altar of Hepliaklqana.
  5428 | D:6      | Found a blossoming altar of Fedhas.
  5698 | D:6      | Found a staircase to the Ecumenical Temple.
  5707 | Temple   | Entered the Ecumenical Temple
  5714 | Temple   | Became a worshipper of Gozag Ym Sagoz the Greedy
  5957 | D:6      | Killed Crazy Yiuf
  6034 | D:7      | Found a shimmering blue altar of Sif Muna.
  6307 | D:7      | Found a transporter.
  6334 | D:7      | Noticed Maggie
  6349 | D:7      | Killed Maggie
  6408 | D:7      | Reached XP level 10. HP: 62/64 MP: 10/10
  6517 | D:7      | Found a transporter.
  6769 | D:7      | Noticed Fractals's ghost (novice TeHW)
  6958 | D:8      | Noticed a two-headed ogre
  6970 | D:8      | Killed a two-headed ogre
  7048 | D:8      | Found Zutwug's Self-Published Books.
  7493 | D:8      | Noticed Gastronok
  7514 | D:8      | Killed Gastronok
  7944 | D:9      | Noticed Pikel
  8009 | D:9      | Killed Pikel
  8112 | D:9      | Found an iron altar of Okawaru.
  8167 | D:9      | Reached XP level 11. HP: 70/72 MP: 11/11
  8172 | D:9      | Noticed a two-headed ogre
  8185 | D:9      | Killed a two-headed ogre
  8204 | D:9      | Found a sacrificial altar of Ru.
  8218 | D:9      | Found a sparkling altar of Nemelex Xobeh.
  8219 | D:9      | Found a shadowy altar of Dithmenos.
  8447 | D:10     | Entered Level 10 of the Dungeon
  8470 | D:10     | Noticed Erica
  8515 | D:9      | Killed Erica
  8516 | D:9      | Reached skill level 10 in Fighting
  8516 | D:9      | Reached skill level 10 in Armour
  8546 | D:10     | Reached skill level 10 in Shields
  8650 | D:10     | Noticed a two-headed ogre
  8663 | D:10     | Killed a two-headed ogre
  8864 | D:10     | Found a staircase to the Orcish Mines.
  9008 | D:10     | Identified the ring "Aghakh" {rElec SInv}
  9230 | D:11     | Identified the +1 robe "Sico" {rPois}
  9489 | D:11     | Found a staircase to the Lair.
  9685 | D:11     | Noticed a cyclops
  9705 | D:11     | Killed a cyclops
  9870 | D:11     | Noticed a two-headed ogre
  9879 | D:11     | Killed a two-headed ogre
 10138 | Lair:1   | Entered Level 1 of the Lair of Beasts
 10153 | Lair:1   | Reached XP level 12. HP: 79/79 MP: 12/12
 10259 | Lair:1   | Reached skill level 10 in Maces & Flails
 10713 | Lair:1   | Noticed Jeremiah
 10755 | Lair:1   | Killed Jeremiah
 11196 | Lair:2   | Found a staircase to the Shoals.
 11450 | Lair:2   | Identified the -2 pair of gloves of the Nice God {rN+
                  | Dex+3}
 11539 | Lair:2   | Reached XP level 13. HP: 69/86 MP: 13/13
 12397 | Lair:3   | Found a staircase to the Snake Pit.
 12427 | Lair:3   | Identified the +0 robe "Qiwuozy" {rPois rCorr Str+2}
 13364 | Lair:3   | HP: 2/87 [death yak (19)]
 13365 | Lair:3   | Slain by a death yak

Illustrated notes

Levels and vault maps discovered:
D:1:      minmay_arrival_semitransparent, layout_loops_corners,
          minmay_misc_feat_hallway, grunt_decor_junction
D:2:      layout_basic
D:3:      layout_basic, shapermc_ecumenical_altar_venn, uniq_ijyb
D:4:      layout_layer_cave, dk_noncrumbling_3
D:5:      layout_basic, mrwooster_statue_mirror, uniq_grinder, uniq_sigmund,
          uniq_blork_the_orc
D:6:      layout_loops_ring, mainiacjoe_overflow_catwalk_spiral,
          lemuel_temple_firewalk_a, patterned_corridor, uniq_crazy_yiuf_cottage
D:7:      layout_cave_pods, amcnicky_altar_gilded, gammafunk_ghost_stat_death,
          uniq_maggie
D:8:      layout_loops_corners, nicolae_custom_books, uniq_gastronok
D:9:      layout_big_octagon, minitemple, mainiacjoe_overflow_tiny_flanked,
          uniq_pikel
D:10:     layout_cave_pools, zombieorc2_lemuel, uniq_erica
D:11:     layout_long_grid, david_lair_shrubbed
Temple:   nicolae_temple_no_exploring_needed
Lair:1:   layout_concentric_octagons, lemuel_fruit_tree, uniq_jeremiah
Lair:2:   layout_long_grid, shoals_dummy_entry
Lair:3:   layout_small_grid, guppyfry_snake_entry_garden,
          pdpol_lair_neglected_garden
Lair:4:   gammafunk_mikee_crab_dinner, layout_cave_pods,
          nicolae_lair_time_for_slime

Skill      XL: |  1  2  3  4  5  6  7  8  9 10 11 12 |
---------------+-------------------------------------+-----
Fighting       | 4 5 6 7 8 9 10 12 | 12.8
Armour         | 4 5 6 8 9 10 12 | 12.8
Shields        | 4 5 6 8 9 10 12 | 12.8
Maces & Flails | 3 5 7 8 9 11 | 11.6

Action                     |  1- 3 |  4- 6 |  7- 9 | 10-12 | 13-15 || total
---------------------------+-------+-------+-------+-------+-------++-------
  Melee: Flail             |    93 |   195 |   304 |   945 |   218 ||  1755
  Throw: Dart              |       |       |       |     9 |       ||     9
    Use: Scroll            |       |     7 |     9 |    10 |     1 ||    27
   Stab: Distracted        |       |       |       |     3 |     1 ||     4
 Armour: Scale mail        |    61 |    19 |       |       |       ||    80
         Chain mail        |       |    79 |   109 |       |       ||   188
         Plate armour      |       |       |   102 |   319 |       ||   421
         Ring mail         |       |       |       |   372 |    97 ||   469
  Dodge: Dodged            |    52 |   106 |    84 |   406 |    85 ||   733
  Block: Buckler           |    22 |    89 |     7 |       |       ||   118
         Reflection        |       |     3 |       |       |       ||     3
         Kite shield       |       |       |   138 |   721 |   160 ||  1019

Table legend: (Time is in decaauts)
 A = Elapsed time spent in this place.
 B = Non-inter-level travel time spent in this place.
 C = Inter-level travel time spent in this place.
 D = Time resting spent in this place.
 E = Time spent auto-exploring this place.
 F = Levels seen in this place.
 G = Mean time per level.
                   A        B        C        D        E       F      G
               +--------+--------+--------+--------+--------+-----+--------+
         Total |  13541 |  13030 |    511 |    589 |   9153 |  16 |  846.3 |
       Dungeon |  10513 |  10110 |    403 |    421 |   7254 |  11 |  955.7 |
        Temple |     14 |      2 |     12 |      0 |      0 |   1 |   14.0 |
          Lair |   3012 |   2917 |     95 |    168 |   1899 |   4 |  753.0 |
               +--------+--------+--------+--------+--------+-----+--------+

Top non-repeatable levels by time:
     D:4: 1509 daAuts
  Lair:3: 1222 daAuts
    D:11: 1114 daAuts
     D:8: 1041 daAuts
     D:6: 984 daAuts
     D:1: 975 daAuts
     D:3: 965 daAuts
     D:2: 945 daAuts
  Lair:2: 944 daAuts
     D:7: 881 daAuts
     D:5: 822 daAuts
  Lair:1: 820 daAuts
    D:10: 752 daAuts
     D:9: 522 daAuts
  Lair:4: 26 daAuts
